[Event "Julius Women's Speed Chess Championship 2023"]
[Site "Chess.com"]
[Date "2023.11.21"]
[Round "3"]
[White "Hou, Yifan"]
[Black "Harika, Dronavalli"]
[Result "1-0"]
[WhiteElo "2780"]
[BlackElo "2786"]
[ECO "C54"]
[EventDate "2023.??.??"]
[Annotator "rafael"]
[PlyCount "101"]
[Beauty "6941472458246"]
[EventType "team-tourn"]
[EventCountry "YUG"]
[TimeControl "300+1"]

1.e4 e5 2.Nf3 Nc6 3.Bc4 Bc5 4.O-O Nf6 5.d3 h6 {A solid move to avoid the always-unpleasant pin on g5.} 6.c3 d6 7.a4 a6 8.Re1 Ba7 9.Nbd2 O-O 10.h3 {The positions of the Italian Opening are made up of small subtleties. What's the best plan for Black here: to put the bishop on e6 $2 But is it necessary to place the rook on e8 first, or is it unnecessary $2 What if we move the knight from c6 to g6 $2 These are difficult details that need to be understood.} 10...Ne7 ( 10...Be6 {This is my favorite move, but players on the white side try to demonstrate that they have an advantage after the bishop exchange on e6.} ) 11.Nf1 c6 12.Ng3 Ng6 13.Bb3 d5 14.exd5 Nxd5 {This is still well-established opening theory.} 15.d4 $1 ( 15.Nxe5 $2 {[%c_effect e5;square;e5;type;Mistake;persistent;true] falls into an old trick:} 15...Nxe5 16.Rxe5 Bxf2+ $1 17.Kxf2 Qf6+ ) 15...exd4 16.Nxd4 Re8 ( 16...Be6 {is also popular.} ) 17.Rxe8+ Qxe8 18.Bxd5 $1 {[%c_effect d5;square;d5;type;GreatFind;persistent;true] The bishop is exchanged for the knight for a good reason. Now Black has an isolated queen's pawn and White's knight is already in its ideal blockading position.} 18...cxd5 19.Be3 Bd7 {The first new move of the game.} ( 19...Bb8 $1 {[%c_effect b8;square;b8;type;GreatFind;persistent;true] is more accurate.} 20.Qd2 ( 20.Ndf5 $5 ) 20...Bxg3 21.fxg3 Qe5 {with equality in Mareco-Kravtsiv, Sharjah Masters 2017.} ) 20.Ndf5 $1 Bxe3 ( 20...Bxf5 21.Nxf5 Bxe3 22.Nxe3 Rd8 23.Qd4 $16 ) 21.Nxe3 Rd8 22.Qd4 {They say that the queen is not a good blockader, but whoever wrote about that certainly did not refer to this position. It's hard to suggest a better square for the queen than d4.} 22...Bc6 23.a5 $1 Qe5 24.Rd1 Re8 $5 {[%c_effect e8;square;e8;type;Interesting;persistent;true] An interesting idea, sacrificing the isolated pawn.} 25.Ngf5 {This is better than accepting the gift.} ( 25.Nxd5 Qxd4 26.Rxd4 Re5 $1 27.c4 Re1+ 28.Kh2 Rb1 {with good activity.} ) 25...Qxd4 26.Nxd4 Ne5 ( 26...Nf4 {with the idea of ...Ne6 is interesting.} ) 27.Kf1 {It's always useful to move the king closer to the center when queens are exchanged.} ( 27.Ndf5 $1 {[%c_effect f5;square;f5;type;GreatFind;persistent;true] is even better. It's not easy to protect the d5-pawn.} ) 27...g6 ( 27...Kf8 ) 28.Ng4 $1 Nxg4 29.hxg4 {A classic knight versus bad bishop endgame. It's unclear whether it's objectively winning for White, but the defense is very difficult.} 29...Kg7 30.f3 Bd7 31.Re1 $6 {[%c_effect e1;square;e1;type;Inaccuracy;persistent;true] It's better to keep the rooks on the board.} ( 31.Ra1 $1 {[%c_effect a1;square;a1;type;GreatFind;persistent;true] with the idea of playing Ra3-b3.} ) 31...Rxe1+ 32.Kxe1 Kf6 33.Kd2 Ke5 34.Ke3 h5 $2 ( 34...f5 {The computer suggests this as the best defense. The point is that after} 35.gxf5 Bxf5 36.Nxf5 $6 Kxf5 {White cannot win the king-and-pawn endgame.} ) 35.gxh5 gxh5 36.Ne2 $2 ( 36.g3 $1 {[%c_effect g3;square;g3;type;GreatFind;persistent;true] is important, holding the pawn on h5. White is easily winning in this case.} ) 36...h4 $1 37.Nf4 Be6 $6 ( 37...Bb5 $1 {[%c_effect b5;square;b5;type;GreatFind;persistent;true] Keep the bishop active and Black gets the draw immediately.} 38.Nh3 Bf1 39.Kf2 Bb5 ) 38.Nd3+ Kd6 39.Kd4 h3 $1 40.gxh3 Bxh3 41.Nf4 Be6 $2 {[%c_effect e6;square;e6;type;Mistake;persistent;true] The king-and-pawn endgame is losing, a fact that both players missed due to lack of time.} ( 41...Bf1 $1 ) 42.Nd3 $2 ( 42.Nxe6 $1 {[%c_effect e6;square;e6;type;GreatFind;persistent;true] wins in an instructive way.} 42...fxe6 ( 42...Kxe6 43.Kc5 {White is ahead in the race.} ) 43.f4 Kd7 44.Ke5 Ke7 45.b3 Kd7 46.Kf6 Kd6 47.b4 Kd7 48.Kf7 Kd6 49.Ke8 $1 {[%c_effect e8;square;e8;type;GreatFind;persistent;true] This is the point.} 49...e5 50.f5 {and the pawn promotes.} ) 42...Kc6 $6 ( 42...Bh3 ) 43.Nc5 $6 ( 43.Nf4 $1 ) 43...Bc8 ( 43...Bh3 $1 ) 44.b4 Be6 $2 45.Nd3 $2 ( 45.Nxe6 $1 {[%c_effect e6;square;e6;type;GreatFind;persistent;true] is again winning.} 45...fxe6 46.Ke5 Kd7 47.Kf6 Kd6 48.f4 Kd7 49.Kf7 Kd6 50.Ke8 ) 45...Kd6 $2 {[%c_effect d6;square;d6;type;Mistake;persistent;true] The last mistake. Black can still defend after} ( 45...f6 $1 46.Nf4 Bf7 ) 46.Nf4 Kc6 47.Ke5 Kb5 48.Nxe6 fxe6 49.Kxe6 Kc4 50.f4 Kxc3 51.Kxd5 1-0

[Event "Saint Louis Rapid & Blitz 2023"]
[Site "Chess.com"]
[Date "2023.11.15"]
[Round "6"]
[White "Robson, Ray"]
[Black "Firouzja, Alireza"]
[Result "1-0"]
[WhiteElo "2596"]
[BlackElo "2742"]
[ECO "E71"]
[EventDate "2023.??.??"]
[Annotator "rafael"]
[PlyCount "87"]
[Beauty "7426937979464"]
[EventType "blitz"]
[TimeControl "600+5"]

1.d4 Nf6 2.c4 g6 3.Nc3 Bg7 4.e4 d6 5.h3 O-O 6.Be3 {A topical variation against the King's Indian.} 6...Nc6 7.d5 {Interestingly, on this date, Carlsen also simultaneously had this position as Black. He chose to play the knight to the corner of the board.} 7...Ne5 ( 7...Nb4 $5 8.a3 Na6 9.Bd3 Nc5 10.Bc2 Nfd7 11.Nge2 a5 {with a slight advantage for White in Schitco-Carlsen, European Team Championship 2023.} ) 8.f4 Ned7 9.Nge2 $5 {[%c_effect e2;square;e2;type;Interesting;persistent;true] Not so popular, but this development move is strong.} ( 9.g4 ) ( 9.Nf3 ) 9...c6 ( 9...e6 {leads to a difficult position for Black after} 10.dxe6 fxe6 11.g4 {The pawn advance to g4 is the basis of White's plan.} ) 10.g4 cxd5 $6 {[%c_effect d5;square;d5;type;Inaccuracy;persistent;true] Not active enough.} ( 10...Qa5 $1 {[%c_effect a5;square;a5;type;GreatFind;persistent;true] is the best move. Black has good counterplay after} 11.Ng3 ( 11.Bg2 {This is a possible improvement.} ) 11...Nc5 {Kazakouski-Jones, ISL-chT Reykjavik 2022.} ) 11.cxd5 {It's because of this type of position that the King's Indian is considered a strategically risky defense. White has a great advantage of space and free play for the pieces.} 11...b6 12.Nd4 {This is a small inaccuracy.} ( 12.Bg2 {is simpler.} 12...Bb7 13.O-O {with a big advantage in Suleymanli-Yakubboev, Wch Rapid Almaty 2022.} ) 12...Nc5 13.Nc6 Qe8 {The queen must leave the d7-square for the knight.} ( 13...Qd7 $2 14.e5 ) 14.Bg2 Ba6 $1 {[%c_effect a6;square;a6;type;GreatFind;persistent;true] This is the point: White cannot castle so easily. The c5-knight has to be captured before it goes to d3, and this gives Black some relief.} 15.Bxc5 bxc5 16.Qd2 {White prepares long castling. He still has the better position.} 16...e6 {Firouzja tries to gain some space.} ( 16...Nd7 $5 {[%c_effect d7;square;d7;type;Interesting;persistent;true] is an alternative plan, first improving the knight's position.} 17.O-O-O Nb6 18.e5 dxe5 19.fxe5 Rc8 {with a complicated game.} ) 17.O-O-O exd5 18.exd5 Qd7 19.Rhe1 Rae8 20.Bf3 $1 {[%c_effect f3;square;f3;type;GreatFind;persistent;true] A good move, preparing g4-g5 followed by Bg4.} 20...h6 21.g5 {It turns out that this move is not so good due to an insane computer resource.} ( 21.Rg1 {is more patient, keeping the initiative.} ) 21...Nh7 $2 {[%c_effect h7;square;h7;type;Mistake;persistent;true] After this move, White gains a considerable advantage.} ( 21...hxg5 22.fxg5 Qxh3 $1 {[%c_effect h3;square;h3;type;GreatFind;persistent;true] With brilliant tactical play, Black is able to keep the game alive.} 23.Bg2 {This looks winning, but it is an illusion.} ( 23.gxf6 $2 Bh6 {wins the queen.} ) 23...Qg3 $1 24.Ne7+ ( 24.gxf6 $2 {[%c_effect f6;square;f6;type;Mistake;persistent;true] Black's idea becomes clear now.} 24...Bxf6 {Black threatens 25...Bg5.} 25.Kb1 ( 25.Rxe8 Rxe8 26.Kb1 Bxc3 {regaining the piece:} 27.bxc3 ( 27.Qxc3 Qxg2 ) 27...Re2 ) 25...Rxe1 26.Rxe1 Bg5 {Black is winning since} 27.Qc2 {loses to} 27...Bd3 ) 24...Rxe7 25.Rxe7 Nh5 {The game becomes sharp. This exchange sacrifice is the dream of every King's Indian Player: He gets out of a cramped position and achieves a chaotic one with chances of attack and with the pride of the KID, the g7-bishop, full of energy.} ) 22.Bg4 Qc7 23.h4 {Black has no counterplay now.} 23...h5 24.Bh3 f5 25.gxf6 {Robson is an attacking player, so for him it's natural to open the lines to hunt the opponent's king.} ( 25.Re3 {is a more \"Karpovian\" move. White tries to gain control of the e-file and doesn't allow any freedom for the opponent's pieces.} ) 25...Bxf6 ( 25...Nxf6 {offers more hope.} ) 26.Rg1 $1 Kh8 27.Rxg6 Bxh4 28.Be6 Bf6 29.Rdg1 $1 {[%c_effect g1;square;g1;type;GreatFind;persistent;true] Good calculation.} 29...Rxe6 30.dxe6 Qxc6 31.Nd5 $1 {[%c_effect d5;square;d5;type;GreatFind;persistent;true] Black is unable to sustain the position.} 31...Bd4 32.Ne7 ( 32.Rg8+ {is also easily winning:} 32...Rxg8 33.Rxg8+ Kxg8 34.Ne7+ {with a decisive material advantage.} ) 32...Qe8 33.Rg8+ Rxg8 34.Rxg8+ Qxg8 35.Nxg8 Kxg8 36.Qg2+ {The queen goes to a8 to pick up some pieces.} 36...Kh8 ( 36...Kf8 37.Qg6 {followed by Qf7 mate.} ) 37.Qa8+ Kg7 38.Qxa7+ Kg6 39.Qf7+ Kh6 40.f5 Kg5 41.Qxh7 h4 42.Qg6+ Kf4 43.e7 Bb5 44.f6 1-0

[Event "Saint Louis Rapid & Blitz 2023"]
[Site "Chess.com"]
[Date "2023.11.16"]
[Round "9"]
[White "Caruana, Fabiano"]
[Black "Xiong, Jeffery"]
[Result "1-0"]
[WhiteElo "2765"]
[BlackElo "2727"]
[ECO "C50"]
[EventDate "2023.??.??"]
[Annotator "rafael"]
[PlyCount "97"]
[Beauty "7078643012141"]
[EventType "blitz"]
[TimeControl "600+5"]

1.e4 e5 2.Bc4 Nf6 3.d3 Nc6 4.Nf3 Bc5 5.Bg5 h6 6.Bh4 Be7 {A solid way of meeting White's opening play. This is the move of choice if Black doesn't want to sharpen the game with g7-g5.} 7.Bg3 d6 8.a4 O-O {Caruana deviates from the game he played in the recent Grand Swiss, although the ideas remain similar.} 9.a5 ( 9.Nbd2 g6 $5 {[%c_effect g6;square;g6;type;Interesting;persistent;true] Supporting the move Nf6-h5.} 10.a5 Rb8 11.h3 b5 12.axb6 axb6 13.Bh2 {with a complex middlegame fight: Caruana-Najer, FIDE Grand Swiss 2023.} ) 9...a6 10.Nbd2 Be6 {There are many possible plans for Black.} ( 10...g6 $5 {[%c_effect g6;square;g6;type;Interesting;persistent;true] is similar to the game mentioned above.} ) ( 10...b5 {gains space at the cost of slightly weakening the pawn structure.} 11.axb6 cxb6 ) ( 10...Kh8 {prepares the typical plan of moving the knight followed by f7-f5.} ) 11.Bxe6 fxe6 12.O-O Nh7 ( 12...Qe8 {is a possible alternative with the idea of playing ...Nh5.} ) 13.c3 Ng5 {Only now Caruana started to think. His opening preparation is always very good.} 14.Qb3 Qd7 15.Rfe1 Rab8 16.h3 {The problem with Black's position is that it's difficult to make a constructive plan, as pawn breaks undermine the position.} 16...Bf6 17.Qc4 $1 {[%c_effect c4;square;c4;type;GreatFind;persistent;true] An excellent move, preparing to gain space on the queenside with b2-b4.} 17...Rbd8 ( 17...Rf7 {It's possible to double rooks on the f-file, although it's not clear what this accomplishes.} 18.b4 Rbf8 ) 18.b4 Ne7 {The knight goes to g6, but now it's easier for White to play d3-d4.} 19.Qb3 Ng6 20.d4 Kh7 21.Rad1 exd4 ( 21...Qf7 {It's probably better to wait with this move, without committing the pawn structure. White has a slight advantage.} ) 22.cxd4 Be7 23.Qc2 Nxf3+ 24.Nxf3 Nf4 25.Re3 Kg8 26.d5 $1 {[%c_effect d5;square;d5;type;GreatFind;persistent;true] This move gains control of the light squares and emphasizes the problem of the c7-pawn.} 26...e5 27.Rc3 Rc8 28.Rc1 Bd8 {An ugly move but necessary to defend the pawn.} 29.Bxf4 $1 {[%c_effect f4;square;f4;type;GreatFind;persistent;true] An excellent positional decision, eliminating Black's most active piece. The white knight is superior to the black bishop, which is passive.} 29...Rxf4 30.g3 Rf7 31.Kg2 Qb5 32.Rb1 c6 $2 {[%c_effect c6;square;c6;type;Mistake;persistent;true] Both players omit a tactical detail that can decide the game immediately.} 33.Qb3 $2 ( 33.Nxe5 $1 {[%c_effect e5;square;e5;type;GreatFind;persistent;true] wins on the spot. The queen is lost after} 33...dxe5 34.Rc5 ) 33...Rcc7 34.dxc6 bxc6 35.Rd1 Be7 36.Rdd3 {The third rank is an excellent place for the heavy pieces. The rook may go to f3 at some point.} 36...Bf8 37.Nh4 $6 ( 37.h4 $1 {[%c_effect h4;square;h4;type;GreatFind;persistent;true] is very strong. White plans h5-Nh4 with dominance of the light squares and a strategically winning position.} ) 37...Kh7 $2 ( 37...d5 $1 {[%c_effect d5;square;d5;type;GreatFind;persistent;true] This is now possible and offers good saving chances.} 38.exd5 e4 ( 38...cxd5 39.Rxc7 Rxc7 {is also possible.} ) 39.d6 Rd7 ) 38.Rf3 $1 {[%c_effect f3;square;f3;type;GreatFind;persistent;true] Now White manages to organize a decisive attack.} 38...d5 ( 38...Rxf3 39.Rxf3 {followed by a queen invasion.} ) 39.exd5 Bxb4 40.Rxc6 $2 {[%c_effect c6;square;c6;type;Mistake;persistent;true] Both players were low on time, and this partially explains the mistakes that follows.} ( 40.Qb1+ {is the simplest way of winning:} 40...Kg8 41.Rb3 $1 c5 ( 41...Rxf3 42.Rxb4 {wins material.} ) 42.Nf5 {with a decisive attack.} ) 40...Bxa5 $2 ( 40...e4 $1 {[%c_effect e4;square;e4;type;GreatFind;persistent;true] leaves Black with drawing chances in the endgame a pawn down after} 41.Rxf7 Rxf7 42.Qc4 Qxc4 43.Rxc4 Bxa5 44.Rxe4 Rd7 ) 41.Qc2+ Kg8 42.Rxc7 Rxc7 43.Qe4 $2 ( 43.Qg6 $1 {[%c_effect g6;square;g6;type;GreatFind;persistent;true] is decisive:} 43...Qxd5 44.Nf5 {All of White's pieces surround the king, and the attack is lethal.} ) 43...Rc1 $1 {[%c_effect c1;square;c1;type;GreatFind;persistent;true] Suddenly a miraculous counterplay on the first rank appears.} 44.Rd3 {Otherwise, White might be the one getting mated with ...Qf1.} 44...Re1 $2 {[%c_effect e1;square;e1;type;Mistake;persistent;true] The final mistake. Black should try to exploit the first rank either with 44...Qb1 or with 44...Ra1 followed by 45...Qb1.} ( 44...Qb1 45.d6 Rg1+ 46.Kf3 Re1 47.Qd5+ Kh7 {The position remains tense, but the computer evaluates it as equal. Both kings are insecure.} ) ( 44...Ra1 $1 {[%c_effect a1;square;a1;type;GreatFind;persistent;true] is the most accurate. The attack is stronger with the queen in front of the rook. A possible continuation is} 45.d6 Qb1 46.Kf3 Qh1+ 47.Ng2 Rg1 {and White has no more than perpetual check.} ) 45.Qg6 $1 {[%c_effect g6;square;g6;type;GreatFind;persistent;true] The queen finally goes to the right place.} 45...e4 ( 45...Qb1 {is no longer dangerous:} 46.Nf3 $1 Rh1 47.Nxe5 Qf1+ 48.Kf3 {The king is well protected on f3.} ) 46.Nf5 Bc3 47.Nxh6+ Kh8 48.Nf7+ Kg8 49.Ng5 {Queen and knight combine very well when attacking the opposing king.} 1-0

[Event "WSCC Main Event"]
[Site "Chess.com"]
[Date "2023.11.14"]
[Round "1"]
[White "Vaishali, Rameshbabu"]
[Black "Kosteniuk, Alexandra"]
[Result "0-1"]
[WhiteElo "2717"]
[BlackElo "2701"]
[ECO "C77"]
[EventDate "2023.??.??"]
[Annotator "rafael"]
[PlyCount "60"]
[Beauty "8248354428450"]
[EventType "team-tourn"]
[TimeControl "300+1"]

1.e4 e5 2.Nf3 Nc6 3.Bb5 a6 4.Ba4 Nf6 5.Nc3 Bc5 ( 5...b5 {is more popular.} ) 6.a3 {A curious move, with the idea of opening the way for the bishop on a2. But it seems a bit slow.} ( 6.Bxc6 dxc6 7.Nxe5 {This is actually possible and was played in a high level.} 7...Bxf2+ 8.Kxf2 Qd4+ 9.Kf1 Qxe5 10.d3 Be6 {with equality: Maze-Adams, Gibraltar Masters 2020.} ) ( 6.O-O ) ( 6.d3 ) 6...O-O 7.d3 Nd4 $1 {[%c_effect d4;square;d4;type;GreatFind;persistent;true] Kosteniuk reacts very well. This refutes White's opening play.} 8.Nxd4 ( 8.Nxe5 {is bad for several reasons: capturing pawns like this is against the principles of opening play.} 8...d5 {with the initiative.} ( 8...d6 9.Nf3 Bg4 {is also quite good.} ) ) 8...exd4 $1 9.Ne2 d5 10.exd5 {This is forced.} ( 10.e5 $2 {[%c_effect e5;square;e5;type;Mistake;persistent;true] loses a pawn after} 10...Ng4 11.Bf4 Qe7 ) 10...Qxd5 11.O-O {Black has a space advantage and free development for her pieces.} 11...Bg4 ( 11...b5 $1 {[%c_effect b5;square;b5;type;GreatFind;persistent;true] is more accurate, since the bishop is more dangerous in the h1-a8 diagonal.} 12.Bb3 Qc6 {followed by Bb7, with the advantage.} ) 12.h3 Bd7 13.Bxd7 Qxd7 14.Ng3 {White has managed to equalize.} 14...Rae8 15.Bg5 Nd5 16.Qf3 f5 $5 {[%c_effect f5;square;f5;type;Interesting;persistent;true] Taking the e4-square from the knight.} ( 16...Re6 {is equal.} ) 17.Rae1 c6 18.Bd2 g6 19.Ne2 ( 19.Rxe8 {is a natural plan:} 19...Rxe8 20.Re1 {with equality.} ) 19...f4 $1 20.Qg4 ( 20.Nxf4 $2 {[%c_effect f4;square;f4;type;Mistake;persistent;true] loses material after} 20...Rxe1 21.Rxe1 Bd6 $1 22.g3 g5 ) ( 20.Nc1 {is possible:} 20...Ne3 {This looks very dangerous, but the machine proves the game is balanced after} 21.fxe3 fxe3 22.Qd1 ) 20...Qf7 ( 20...Qxg4 {Exchanging queens leads to a balanced endgame.} ) 21.c4 $2 {[%c_effect c4;square;c4;type;Mistake;persistent;true] Vaishali misses her opponent's tactical idea.} ( 21.Nc1 {is necessary.} ) 21...dxc3 22.Nxc3 Ne3 $3 {[%c_effect e3;square;e3;type;Brilliant;persistent;true] A brilliant move that gives Black a winning advantage.} 23.fxe3 fxe3 24.Bxe3 ( 24.Rxf7 exd2+ {This is the point.} ) 24...Bxe3+ $2 {[%c_effect e3;square;e3;type;Mistake;persistent;true] This throws away the win.} ( 24...Rxe3 $1 {[%c_effect e3;square;e3;type;GreatFind;persistent;true] is the right move.} 25.Rxf7 ( 25.Kh2 {ends in mate:} 25...Rxe1 26.Rxe1 Bd6+ 27.Kh1 Qf1+ 28.Rxf1 Rxf1# ) 25...Rxe1+ 26.Kh2 Rxf7 27.Ne4 Bg1+ 28.Kg3 Re3+ 29.Kh4 Rf5 30.Qd1 Bh2 {White's king won't survive long.} ) 25.Kh2 Qxf1 26.Rxf1 Rxf1 27.Ne4 Bg1+ 28.Kg3 Bd4 29.h4 $2 {[%c_effect h4;square;h4;type;Mistake;persistent;true] A blunder.} ( 29.Qd7 $1 {[%c_effect d7;square;d7;type;GreatFind;persistent;true] is correct. Anything can happen after} 29...Be5+ 30.Kh4 Rf4+ 31.g4 Rff8 32.Qxb7 ) 29...Be5+ 30.Kh3 Rh1# 0-1